 Dungeon Crawl Stone Soup version 0.31-a0-180-g519b7de00c (webtiles) character file.

Game seed: 7314288234123496044

186 qw the Shooter (level 5, 0/49 HPs)
             Began as a Naga Hunter on June 20, 2023.
             Killed from afar by an orc wizard (6 damage)
             ... with a magic dart
             ... on level 4 of the Dungeon.
             The game lasted 00:00:52 (2660 turns).

qw the Shooter (Naga Hunter)                        Turns: 2660, Time: 00:00:52

Health: 0/49       AC:  4    Str: 13    XL:     5   Next: 66%
Magic:  5/5        EV:  9    Int:  9    God:
Gold:   251        SH:  0    Dex: 17    Spells: 4/4 levels left

rFire   . . .        Y - +0 orcbow
rCold   . . .        (shield currently unavailable)
rNeg    . . .        c - +0 leather armour
rPois   +            (no helmet)
rElec   .            f - +0 cloak
rCorr   .            (no gloves)
SInv    +            (no barding)
Will    .....        (no amulet)
Stlth   +            (no ring)
HPRegen 0.28/turn    (no ring)
MPRegen 0.09/turn

%: no passive effects
@: confused, very slow
A: AC +1, large, see invisible, deformed body, poison resistance, slowness 2,
spit poison 1, naga tail 1
a: Spit Poison


You were on level 4 of the Dungeon.
You visited 1 branch of the dungeon, and saw 4 of its levels.

You collected 271 gold pieces.
You spent 20 gold pieces at shops.


Innate Abilities, Weirdness & Mutations

Your serpentine skin is tough. (AC +1)
You have supernaturally acute eyesight. (SInv)
Armour fits poorly on your strangely shaped body.
Your system is resistant to poisons. (rPois)
You cover ground very slowly.
You can spit poison.
You have a snake-like lower body.


   Skills:
 - Level 3.0 Fighting
 + Level 5.7 Ranged Weapons
 - Level 1.5 Dodging
 - Level 1.5 Stealth


You had 4 spell levels left.
You didn't know any spells.
Your spell library was empty.

Inventory:

Hand Weapons
 Y - a +0 orcbow (weapon)
Armour
 c - a +0 leather armour (worn)
 f - a +0 cloak (worn)
Scrolls
 b - a scroll of enchant weapon {unknown}
Potions
 a - a potion of ambrosia {unknown}
 d - a potion of heal wounds {unknown}
 e - a potion of curing {unknown}
 g - a potion of might {unknown}
 h - a potion of magic {unknown}
 i - a potion of brilliance {unknown}
 j - a potion of invisibility {unknown}
 k - a potion of attraction {unknown}

Dungeon Overview and Level Annotations

Branches:
Dungeon (4/15)
 Temple: D:4-7

Altars:

Shops:
D:1 *   D:3 [


Message History

You are confused.
The orc wizard casts a spell at you.
You are more confused.
The orc wizard hits you with a +0 dagger.
The orc wizard hits you but does no damage.
The orc wizard casts a spell at you.
The orc wizard resists with some effort.
The orc wizard barely misses you.
You have got your breath back.
The orc wizard barely misses you.
The orc wizard points at you and mumbles some strange words.
The magic dart hits you. The orc wizard casts a spell at you.
You are more confused.
The orc wizard hits you with a +0 dagger. x2
The orc wizard barely misses you.
The orc wizard hits you but does no damage.
The orc wizard hits you with a +0 dagger.
The orc wizard hits you with a +0 dagger.
An orc wizard comes into view. It is wielding a +0 dagger.
The orc wizard hits you with a +0 dagger.
The orc wizard points at you and mumbles some strange words.
You are more confused.
The orc wizard shouts!
The orc wizard completely misses you.
The orc wizard hits you but does no damage. x2
The orc wizard hits you with a +0 dagger. x3
The orc wizard barely misses you.
The orc wizard gestures at you while chanting.
You are more confused.
The orc wizard hits you with a +0 dagger.
The orc wizard hits you with a +0 dagger.
The orc wizard points at you and mumbles some strange words.
You resist with some effort.
The orc wizard hits you but does no damage.
The orc wizard closely misses you. x2
The orc wizard hits you but does no damage.
The orc wizard points at you and mumbles some strange words.
The magic dart hits you.
You die...

#### ...
##########o##.###
..).....@oo..)..
#.#....o#...#..
#......<# ###
#.....#.#
#####.....#.#
..........#.#
#####..#..#.#
########..#.#
..........#.#


You could see 4 orc wizards.

Vanquished Creatures
  A hound (D:4)
  An orc priest (D:2)
  5 adders
  10 dart slugs
  4 orcs
  5 bats
  7 endoplasms
  A giant cockroach (D:1)
  2 goblins
  4 hobgoblins
  5 quokkas
  3 ball pythons (D:2)
  4 kobolds
  6 rats
58 creatures vanquished.

Notes
Turn   | Place    | Note
-------+----------+-------------------------------------------
     0 | D:1      | qw the Naga Hunter began the quest for the Orb.
     0 | D:1      | Reached XP level 1. HP: 19/19 MP: 1/1
     0 | D:1      | 0 ||| qw: Version: 0.3-a-9-g12657ce
     0 | D:1      | 0 ||| qw: Game counter: 1122
     0 | D:1      | 0 ||| qw: Always use a shield: true
     0 | D:1      | 0 ||| qw: God list: Okawaru
     0 | D:1      | 0 ||| qw: Allow faded altars: false
     0 | D:1      | 0 ||| qw: Do Orc after D:15 true
     0 | D:1      | 0 ||| qw: Do second Lair branch before Depths: true
     0 | D:1      | 0 ||| qw: Lair rune preference: random
     0 | D:1      | 0 ||| qw: Plans: Normal
     0 | D:1      | 0 ||| PLANNING D:1-11
    23 | D:1      | 23 ||| INVOKING Spit Poison.
   235 | D:1      | 235 ||| SWAPPING to +0 orcbow.
   239 | D:1      | 239 ||| DROPPING +0 shortbow.
   251 | D:1      | Found Xiw Weim's Assorted Antiques.
   257 | D:1      | 257 ||| SHOPLISTING crooked bronze wand (92 gold, have 32).
   257 | D:1      | 257 ||| BUYING glowing pink potion (20 gold).
   257 | D:1      | Bought a glowing pink potion for 20 gold pieces
   257 | D:1      | 257 ||| SHOPLISTING knobbly silver ring (115 gold, have
                  | 12).
   257 | D:1      | 257 ||| SHOPLISTING runed ring mail (161 gold, have 12).
   257 | D:1      | 257 ||| SHOPLISTING scroll labelled GIUSECL PAOL (23 gold,
                  | have 12).
   287 | D:1      | 287 ||| INVOKING Spit Poison.
   289 | D:1      | Reached skill level 4 in Ranged Weapons
   289 | D:1      | Reached XP level 2. HP: 26/26 MP: 2/2
   386 | D:1      | 386 ||| INVOKING Spit Poison.
   519 | D:1      | Found a faded altar of an unknown god.
   567 | D:1      | 567 ||| INVOKING Spit Poison.
   619 | D:1      | 619 ||| READING scroll labelled ICSUISHEAMA.
   620 | D:1      | 620 ||| READING scroll labelled YKHAFR PEMIAFI.
   621 | D:1      | 621 ||| READING scroll labelled BAOCHO TUTU.
   622 | D:1      | 622 ||| READING scroll labelled MYIFOTI NUME.
   623 | D:1      | 623 ||| READING scroll labelled WAT XANWIF.
   624 | D:1      | 624 ||| READING scroll labelled GIUSECL PAOL.
   629 | D:1      | 629 ||| DROPPING scroll of butterflies.
   671 | D:2      | 671 ||| INVOKING Spit Poison.
   721 | D:2      | 721 ||| INVOKING Spit Poison.
   724 | D:2      | 724 ||| INVOKING Spit Poison.
   727 | D:2      | 727 ||| INVOKING Spit Poison.
   728 | D:2      | Reached XP level 3. HP: 11/32 MP: 3/3
   912 | D:2      | 912 ||| INVOKING Spit Poison.
   916 | D:2      | 916 ||| INVOKING Spit Poison.
   921 | D:2      | HP: 6/32 [adder (4)]
   922 | D:2      | 922 ||| INVOKING Spit Poison.
   923 | D:2      | Reached skill level 5 in Ranged Weapons
   923 | D:2      | Reached XP level 4. HP: 8/39 MP: 4/4
   924 | D:2      | HP: 2/39 [endoplasm (2)]
  1023 | D:2      | 1023 ||| INVOKING Spit Poison.
  1108 | D:2      | 1108 ||| INVOKING Spit Poison.
  1351 | D:2      | 1351 ||| INVOKING Spit Poison.
  1414 | D:2      | 1414 ||| INVOKING Spit Poison.
  1420 | D:2      | 1420 ||| INVOKING Spit Poison.
  1566 | D:2      | 1566 ||| UPGRADING to +0 cloak.
  1571 | D:2      | 1571 ||| DROPPING amulet of magic regeneration.
  1572 | D:2      | 1572 ||| READING scroll labelled NIOSTUSIRO.
  1581 | D:3      | 1581 ||| INVOKING Spit Poison.
  1585 | D:3      | 1585 ||| INVOKING Spit Poison.
  1586 | D:3      | 1586 ||| STAIRDANCE
  1588 | D:2      | 1588 ||| INVOKING Spit Poison.
  1631 | D:3      | 1631 ||| INVOKING Spit Poison.
  1635 | D:3      | 1635 ||| INVOKING Spit Poison.
  1636 | D:3      | 1636 ||| INVOKING Spit Poison.
  1657 | D:3      | 1657 ||| INVOKING Spit Poison.
  1670 | D:3      | 1670 ||| INVOKING Spit Poison.
  1692 | D:3      | 1692 ||| INVOKING Spit Poison.
  1738 | D:3      | Reached skill level 3 in Fighting
  1761 | D:3      | Found Ycveb's Antique Armour Shop.
  1770 | D:3      | 1770 ||| SHOPLISTING runed troll leather armour (342 gold,
                  | have 204).
  1780 | D:3      | 1780 ||| INVOKING Spit Poison.
  1893 | D:3      | 1893 ||| INVOKING Spit Poison.
  2014 | D:3      | 2014 ||| INVOKING Spit Poison.
  2018 | D:3      | 2018 ||| INVOKING Spit Poison.
  2022 | D:3      | 2022 ||| INVOKING Spit Poison.
  2023 | D:3      | Reached XP level 5. HP: 48/49 MP: 5/5
  2076 | D:3      | 2076 ||| INVOKING Spit Poison.
  2086 | D:3      | 2086 ||| INVOKING Spit Poison.
  2090 | D:3      | 2090 ||| INVOKING Spit Poison.
  2094 | D:3      | 2094 ||| INVOKING Spit Poison.
  2134 | D:3      | 2134 ||| INVOKING Spit Poison.
  2413 | D:3      | 2413 ||| DROPPING +6 ring of intelligence.
  2414 | D:3      | 2414 ||| DROPPING ring of flight.
  2415 | D:3      | 2415 ||| READING scroll labelled XADGHA ISOCEANT.
  2416 | D:3      | 2416 ||| READING scroll labelled CIMEUT JYQIN.
  2590 | D:4      | 2590 ||| INVOKING Spit Poison.
  2591 | D:4      | 2591 ||| FLEEEEING.
  2592 | D:4      | 2592 ||| FLEEEEING.
  2598 | D:4      | 2598 ||| INVOKING Spit Poison.
  2640 | D:4      | 2640 ||| INVOKING Spit Poison.
  2645 | D:4      | 2645 ||| INVOKING Spit Poison.
  2648 | D:4      | 2648 ||| INVOKING Spit Poison.
  2656 | D:4      | HP: 12/49 [orc wizard/+0 dagger (2)]
  2658 | D:4      | HP: 5/49 [orc wizard/+0 dagger (2)]
  2660 | D:4      | Killed from afar by an orc wizard

Levels and vault maps discovered:
D:1:      noname_arrival_rooms_in_the_neighbourhood, layout_loops_ring,
          hellmonk_ecumenical_altar_inner_sanctum, serial_shops, shop,
          minmay_misc_feat_hallway
D:2:      layout_basic, minmay_tromino_i4
D:3:      kennysheep_slugbush, layout_basic, serial_shops,
          nicolae_shop_tiny_statue_garden, minmay_vboxes
D:4:      layout_basic, gammafunk_temple_overflow_elements,
          minmay_temple_entry_fiery, gammafunk_ghost_cemetery

Skill      XL: |  1  2  3  4 |
---------------+-------------+-----
Ranged Weapons | 4 5 |  5.7
Fighting       | 3 |  3.0
Dodging        | |  1.5
Stealth        | |  1.5

Action                     |  1- 3 |  4- 6 || total
---------------------------+-------+-------++-------
   Fire: Orcbow            |    30 |    73 ||   103
         Shortbow          |     4 |       ||     4
Ability: Spit Poison       |    11 |    28 ||    39
    Use: Scroll            |     6 |     3 ||     9
 Armour: Leather armour    |     1 |    27 ||    28
  Dodge: Dodged            |     7 |    34 ||    41

Table legend:
 A = Non-vault XP
 B = Vault XP
 C = Vault XP percentage of total XP
 D = Non-vault monster count
 E = Vault monster count
 F = Vault count percentage of total count
                 A         B        C        D         E       F
            +---------+---------+-------+---------+---------+-------
      Total |     201 |      66 |  24.7 |      43 |      15 |  25.9
            +---------+---------+-------+---------+---------+-------
        D:1 |      18 |       0 |   0.0 |      11 |       0 |   0.0
        D:2 |      84 |      16 |  16.0 |      16 |       3 |  15.8
        D:3 |      43 |      50 |  53.8 |      11 |      12 |  52.2
        D:4 |      56 |       0 |   0.0 |       5 |       0 |   0.0
            +---------+---------+-------+---------+---------+-------
